 Dungeon Crawl Stone Soup version 0.29.0-4-gdea44cf6ec (webtiles) character file.

Game seed: 9950819635591217890

75 qw the Ruffian (level 4, 0/35 HPs)
             Began as a Ghoul Fire Elementalist on Aug 30, 2022.
             Slain by a gnoll
             ... wielding a +0 halberd
              (7 damage)
             ... on level 2 of the Dungeon.
             The game lasted 00:01:37 (2142 turns).

qw the Ruffian (Ghoul Fire Elementalist)            Turns: 2142, Time: 00:01:38

Health: 0/35       AC:  9    Str: 13    XL:     4   Next: 31%
Magic:  5/5        EV:  6    Int: 10    God:
Gold:   37         SH:  0    Dex:  9    Spells: 5/6 levels left

rFire   . . .      SeeInvis .     - Unarmed
rCold   + . .      Faith    .   (no shield)
rNeg    + + +      Spirit   .   d - +0 chain mail
rPois   inf        Reflect  .   (no helmet)
rElec   .          Harm     .   c - +0 cloak
rCorr   .          Rampage  .   (no gloves)
Will    .....                   (no boots)
Stlth   ..........              (no amulet)
HPRegen 0.00/turn               (no ring)
MPRegen 0.09/turn               (no ring)

@: about to teleport, inhibited regen
A: claws 1, cold resistance 1, negative energy resistance 3, inhibited
regeneration, torment resistance 2, devour on kill
a: no special abilities


You were on level 2 of the Dungeon.
You visited 1 branch of the dungeon, and saw 2 of its levels.

You collected 92 gold pieces.
You spent 55 gold pieces at shops.


Innate Abilities, Weirdness & Mutations

You are immune to poison.
You have sharp fingernails.
Your flesh is cold resistant. (rC+)
You are immune to negative energy. (rN+++)
You do not regenerate when monsters are visible.
You are immune to unholy pain and torment.
You thrive by killing the living.


   Skills:
 - Level 1.0 Fighting
 - Level 1.0 Armour
 - Level 1.7 Dodging
 - Level 2.1 Stealth
 + Level 3.6 Unarmed Combat
 - Level 1.7 Spellcasting
 - Level 0.7 Conjurations
 - Level 2.4 Fire Magic


You had 5 spell levels left.
You knew the following spells:

 Your Spells              Type           Power      Damage    Failure   Level
a - Foxfire               Conj/Fire      16%        2x1d4     99%         1

Your spell library contained the following spells:

 Spells                   Type           Power      Damage    Failure   Level
 Scorch                   Fire           10%        2d6       99%         2
 Conjure Flame            Conj/Fire      4%         6-21      100%        3
 Inner Flame              Hex/Fire       3%         N/A       100%        3
 Flame Wave               Conj/Fire      4%         2d5       100%        4

Inventory:

Armour
 c - a +0 cloak (worn)
 d - a +0 chain mail (worn)
Scrolls
 a - 2 scrolls of teleportation
 b - a scroll of butterflies {unknown}
 e - a scroll of identify
Potions
 f - a potion of might {unknown}
 g - a potion of degeneration {unknown}
 j - a potion of haste {unknown}

Dungeon Overview and Level Annotations

Branches:
Dungeon (2/15)

Altars:

Shops:
D:2 ??!!


Message History

You can access your shopping list by pressing '$'.
2100 ||| SHOPLISTING scroll of teleportation (33 gold, have 22).
You can access your shopping list by pressing '$'.
Found a stone staircase leading down.
You now have 27 gold pieces (gained 5).
You now have enough gold to buy a scroll of teleportation on this level.
You can access your shopping list by pressing '$'.
You now have 37 gold pieces (gained 10). 2 gnolls come into view.
The gnoll shouts! x2
The gnoll moves out of view.
Enter note:
2132 ||| Stepping ~*~*~tactically~*~*~ (hiding).
You start waiting.
A gnoll is nearby!
The gnoll hits you with a +0 spear.
You claw the gnoll!
The gnoll is heavily wounded.
The gnoll barely misses you. The gnoll hits you but does no damage.
You closely miss the gnoll.
The gnoll is heavily wounded.
The gnoll hits you from afar with a +0 halberd!
The gnoll hits you with a +0 spear.
You scratch the gnoll.
The gnoll is severely wounded.
The gnoll closely misses you. The gnoll hits you with a +0 spear.
You scratch the gnoll.
You kill the gnoll!
You feel better.
The gnoll throws a throwing net.
The throwing net hits you.
You become entangled in the net!
You tear a large gash into the net.
The gnoll hits you from afar with a +0 halberd!
You shred the net and break free!
The gnoll hits you from afar with a +0 halberd.
2142 ||| READING 3 scrolls of teleportation.
As you read the scroll of teleportation, it crumbles to dust.
You feel strangely unstable.
The gnoll hits you from afar with a +0 halberd!
You die...

.#####......>...
..............#
.#######.####.# # ##
##.####.##.# #
#..........# #
#..####.#### . ......
##.##
..#.#..#.#...######.##
......#......@.......
###.#.####...##)###.#.
#.#. ##.## g.# # #.
#.# .... #.# .#.#. #.#
..\. .# #.# .# ## # #.
..


You could see a gnoll.

Vanquished Creatures
  3 gnolls
  An adder (D:2)
  A worm (D:2)
  2 ball pythons (D:1)
  4 endoplasms (D:1)
  4 giant cockroaches
  2 goblins (D:1)
  6 hobgoblins (D:1)
  A quokka (D:1)
  3 bats (D:1)
  2 frilled lizards (D:1)
  3 kobolds (D:1)
  3 rats (D:1)
35 creatures vanquished.

Notes
Turn   | Place    | Note
-------+----------+-------------------------------------------
     0 | D:1      | qw the Ghoul Fire Elementalist began the quest for the Orb.
     0 | D:1      | Reached XP level 1. HP: 14/14 MP: 2/2
     0 | D:1      | 0 ||| qw: Version: 0.1-a-90-g952f4b7
     0 | D:1      | 0 ||| qw: Game counter: 4256
     0 | D:1      | 0 ||| qw: Always use a shield: true
     0 | D:1      | 0 ||| qw: God list: Okawaru
     0 | D:1      | 0 ||| qw: Allow faded altars: false
     0 | D:1      | 0 ||| qw: Do Orc after D:15 true
     0 | D:1      | 0 ||| qw: Do second Lair branch before Depths: true
     0 | D:1      | 0 ||| qw: Lair rune preference: random
     0 | D:1      | 0 ||| qw: Plans: Normal
     0 | D:1      | 0 ||| PLANNING D:1-11
    38 | D:1      | HP: 3/14 [constriction (1)]
    39 | D:1      | HP: 1/14 [ball python (2)]
   382 | D:1      | Reached skill level 1 in Unarmed Combat
   563 | D:1      | Reached skill level 1 in Fighting
   563 | D:1      | Reached XP level 2. HP: 19/23 MP: 3/3
   696 | D:1      | Reached skill level 2 in Unarmed Combat
   713 | D:1      | HP: 5/23 [giant cockroach (2)]
  1033 | D:1      | 1033 ||| Stepping ~*~*~tactically~*~*~ (stealth).
  1039 | D:1      | 1039 ||| Stepping ~*~*~tactically~*~*~ (outnumbered).
  1043 | D:1      | Reached XP level 3. HP: 28/28 MP: 4/4
  1057 | D:1      | 1057 ||| Stepping ~*~*~tactically~*~*~ (outnumbered).
  1058 | D:1      | 1058 ||| Stepping ~*~*~tactically~*~*~ (outnumbered).
  1091 | D:1      | 1091 ||| Stepping ~*~*~tactically~*~*~ (stealth).
  1104 | D:1      | 1104 ||| Stepping ~*~*~tactically~*~*~ (stealth).
  1107 | D:1      | 1107 ||| Stepping ~*~*~tactically~*~*~ (stealth).
  1108 | D:1      | 1108 ||| Stepping ~*~*~tactically~*~*~ (stealth).
  1207 | D:1      | 1207 ||| Stepping ~*~*~tactically~*~*~ (stealth).
  1288 | D:1      | Reached skill level 3 in Unarmed Combat
  1712 | D:1      | 1712 ||| UPGRADING to +0 cloak.
  1717 | D:1      | 1717 ||| UPGRADING to +0 chain mail.
  1727 | D:1      | 1727 ||| DROPPING +0 robe.
  1728 | D:1      | 1728 ||| READING scroll labelled KUUSCH GEHOMILU.
  1729 | D:1      | 1729 ||| READING scroll labelled KIUGHA PURAALATHA.
  1730 | D:1      | 1730 ||| READING scroll labelled CIDGHO HILE.
  1731 | D:1      | 1731 ||| READING scroll labelled KEOHIL NIEMN.
  1732 | D:1      | 1732 ||| READING scroll labelled GULLARH ZURHOX.
  1733 | D:1      | 1733 ||| DROPPING potion of magic.
  1774 | D:2      | Reached skill level 1 in Armour
  1774 | D:2      | 1774 ||| STAIRDANCE
  1833 | D:2      | Found Reshron's Distillery.
  1841 | D:2      | 1841 ||| SHOPLISTING potion of cancellation (80 gold, have
                  | 77).
  1916 | D:2      | Found Kiaruompe's Magic Scroll Emporium.
  1924 | D:2      | 1924 ||| SHOPLISTING scroll of enchant armour (82 gold,
                  | have 77).
  1924 | D:2      | 1924 ||| BUYING scroll of teleportation (33 gold).
  1924 | D:2      | Bought a scroll of teleportation for 33 gold pieces
  1981 | D:2      | Reached XP level 4. HP: 26/35 MP: 5/5
  1987 | D:2      | 1987 ||| FLEEEEING.
  2096 | D:2      | Found Niwnenuo's Magic Scroll Shop.
  2100 | D:2      | 2100 ||| SHOPLISTING scroll of enchant weapon (82 gold,
                  | have 44).
  2100 | D:2      | 2100 ||| BUYING scroll of identify (22 gold).
  2100 | D:2      | Bought a scroll of identify for 22 gold pieces
  2100 | D:2      | 2100 ||| SHOPLISTING scroll of teleportation (33 gold, have
                  | 22).
  2131 | D:2      | Found Qydig's Distillery.
  2132 | D:2      | 2132 ||| Stepping ~*~*~tactically~*~*~ (hiding).
  2141 | D:2      | HP: 7/35 [gnoll/+0 halberd (2)]
  2142 | D:2      | 2142 ||| READING 3 scrolls of teleportation.
  2142 | D:2      | Slain by a gnoll

Levels and vault maps discovered:
D:1:      kennysheep_arrival_seaside, layout_basic, minmay_vboxes
D:2:      layout_loops_ring, hellmonk_ecumenical_altar_watching_god,
          serial_shops, nicolae_shop_stone, nicolae_shop_stone,
          nicolae_shop_statue_plus, nicolae_shop_crystal, shop

Skill      XL: |  1  2  3 |
---------------+----------+-----
Unarmed Combat | 1 2 3 |  3.6
Fighting       | 1 |  1.0
Armour         | 1 |  1.0
Dodging        | |  1.7
Stealth        | |  2.1
Spellcasting   | |  1.7
Conjurations   | |  0.7
Fire Magic     | |  2.4

Action                   |  1- 3 |  4- 6 || total
-------------------------+-------+-------++-------
Melee: Unarmed           |   152 |     4 ||   156
       Punch             |     5 |       ||     5
  Use: Scroll            |     5 |     1 ||     6
Armor: Robe              |    20 |       ||    20
       Chain mail        |     7 |     1 ||     8
Dodge: Dodged            |    81 |     2 ||    83

Table legend:
 A = Non-vault XP
 B = Vault XP
 C = Vault XP percentage of total XP
 D = Non-vault monster count
 E = Vault monster count
 F = Vault count percentage of total count
                 A         B        C        D         E       F
            +---------+---------+-------+---------+---------+-------
      Total |      98 |      10 |   9.3 |      29 |       6 |  17.1
            +---------+---------+-------+---------+---------+-------
        D:1 |      50 |      10 |  16.7 |      24 |       6 |  20.0
        D:2 |      48 |       0 |   0.0 |       5 |       0 |   0.0
            +---------+---------+-------+---------+---------+-------
